 Dungeon Crawl Stone Soup version 0.28-a0-1560-g060a6a1bfc (webtiles) character file.

Game seed: 12542628879322732116

39 BritishOli the Slasher (level 3, 0/28 HPs)
             Began as a Demonspawn Gladiator on Jan 19, 2022.
             Slain by a goblin (3 damage)
             ... led by Robin
             ... on level 1 of the Dungeon.
             The game lasted 00:01:06 (1371 turns).

BritishOli the Slasher (Demonspawn Gladiator)       Turns: 1371, Time: 00:01:07

Health: 0/28       AC:  3    Str: 16    XL:     3   Next: 28%
Magic:  3/3        EV: 12    Int:  9    God:
Gold:   76         SH:  0    Dex: 14    Spells: 2/2 levels left

rFire   . . .      SeeInvis .   a - +0 long sword
rCold   . . .      Faith    .   (no shield)
rNeg    . . .      Spirit   .   b - +0 leather armour
rPois   .          Reflect  .   (helmet restricted)
rElec   .          Harm     .   (no cloak)
rCorr   .          Rampage  .   (no gloves)
Will    .....                   (no boots)
Stlth   +.........              (no amulet)
HPRegen 0.09/turn               (no ring)
MPRegen 0.08/turn               (no ring)

@: lethally poisoned (0 -> -2)
A: horns 1
a: no special abilities


You were on level 1 of the Dungeon.
You visited 1 branch of the dungeon, and saw 2 of its levels.

You collected 100 gold pieces.
You spent 24 gold pieces at shops.

Inventory:

Hand Weapons
 a - a +0 long sword (weapon)
Missiles
 d - 3 throwing nets (quivered)
Armour
 b - a +0 leather armour (worn)
 c - a +0 helmet
Scrolls
 e - 3 scrolls of identify
 f - a scroll of enchant armour {unknown}
Potions
 g - a potion of heal wounds {unknown}


   Skills:
 + Level 2.6 Fighting
 + Level 3.1 Long Blades
 - Level 2.0 Throwing
 + Level 3.1 Dodging


You had 2 spell levels left.
You didn't know any spells.
Your spell library was empty.

Dungeon Overview and Level Annotations

Branches:
Dungeon (2/15)

Altars:

Shops:
D:1 ?   D:2 ?

Annotations:
D:2 Natasha, Robin


Innate Abilities, Weirdness & Mutations

You have a pair of small horns on your head.


Message History

There is a stone staircase leading down here.
You are too injured to fight recklessly!
You are too injured to fight recklessly!
You are too injured to fight recklessly!
You are too injured to fight recklessly!
You hit the kobold.
You kill the kobold!
Things that are here:
a +0 club; a kobold corpse
Things that are here:
a stone; a +0 short sword You start resting.
HP restored.
(D) Dungeon
Where to? (? - help)
Things that are here:
a +0 club; a kobold corpse
There is a stone staircase leading down here.
You climb downwards.
Level annotation: Natasha, Robin The adder bites you but does no damage.
Robin throws the goblin at you! The gnoll barely misses you.
The goblin barely misses you. The adder bites you.
You are poisoned.
The adder poisons you!
Robin roars a battlecry!
The goblin goes into a battle-frenzy!
There is a stone staircase leading up here.
You feel sick. The gnoll hits you with a +0 club. The goblin misses you.
The adder closely misses you.
Robin roars a battlecry!
You climb upwards.
You feel sick.
There is a stone staircase leading down here.
You closely miss the adder. Your headbutt misses the adder.
You feel sick. The adder bites you. The gnoll hits you with a +0 club.
* * * LOW HITPOINT WARNING * * *
The goblin misses you. The adder barely misses you.
The gnoll hits you with a +0 club.
* * * LOW HITPOINT WARNING * * *
The goblin hits you with a +0 club.
You die...

#.#.. #....# ##
.......#... ##..
....###..... ...#
#...####.#.. #..#
.........#.. #..
#...######÷.
#..###g######...........
#.....g@S(..#.......##'#
##.#.#####.....##)..#...
#.# #..........###.⌠. #.
.....#........#..... #.
#######.#.###.#.⌠.<.
#.########.#.....#.....
#..............#.###.⌠.
##....##.##..#.#...#...
####...∩.##.##........##+#


You could see a gnoll, an adder and a goblin (strong).

Vanquished Creatures
  A dart slug (D:1)
  5 endoplasms (D:1)
  A giant cockroach (D:1)
  3 jackals (D:1)
  5 kobolds (D:1)
  2 quokkas (D:1)
  2 ball pythons (D:1)
  A bat (D:1)
  A frilled lizard (D:1)
  9 goblins
  3 rats
33 creatures vanquished.

Notes
Turn   | Place    | Note
-------+----------+-------------------------------------------
     0 | D:1      | BritishOli the Demonspawn Gladiator began the quest for the
                  | Orb.
     0 | D:1      | Reached XP level 1. HP: 16/16 MP: 1/1
   406 | D:1      | Gained mutation: You have a pair of small horns on your
                  | head. [demonic ancestry]
   406 | D:1      | Reached XP level 2. HP: 20/22 MP: 2/2
  1116 | D:1      | Found Xaluy's Magic Scroll Shop.
  1136 | D:1      | Bought a scroll of identify for 24 gold pieces
  1166 | D:1      | Reached XP level 3. HP: 28/28 MP: 3/3
  1169 | D:1      | You fall into a shaft and drop 1 floor!
  1176 | D:2      | Noticed Natasha
  1178 | D:2      | Noticed Robin
  1179 | D:2      | Found Voyx Rua's Magic Scroll Shop.
  1371 | D:1      | Slain by a goblin

Illustrated notes

Levels and vault maps discovered:
D:1:      dpeg_arrival_simpleton_c, layout_loops_ring, serial_shops, shop_coins
D:2:      layout_loops_cross, shapermc_ecumenical_altar_flowoftime,
          serial_shops, nicolae_diamond_shop, uniq_natasha, uniq_robin,
          uniq_jessica

Skill      XL: |  1  2 |
---------------+-------+-----
Throwing       | 2 |  2.0
Long Blades    | 3 |  3.1
Dodging        | 3 |  3.1
Fighting       | |  2.6

Action                   || total
-------------------------++-------
Melee: Long sword        ||    78
       Punch             ||     1
       Headbutt          ||     6
 Stab: Sleeping          ||     2
Armor: Leather armour    ||    27
Dodge: Dodged            ||    61

Table legend: (Time is in decaauts)
 A = Elapsed time spent in this place.
 B = Non-inter-level travel time spent in this place.
 C = Inter-level travel time spent in this place.
 D = Time resting spent in this place.
 E = Time spent auto-exploring this place.
 F = Levels seen in this place.
 G = Mean time per level.
                   A        B        C        D        E       F      G
               +--------+--------+--------+--------+--------+-----+--------+
         Total |   1391 |   1388 |      3 |    340 |    846 |   2 |  695.5 |
       Dungeon |   1391 |   1388 |      3 |    340 |    846 |   2 |  695.5 |
               +--------+--------+--------+--------+--------+-----+--------+

Top non-repeatable levels by time:
     D:1: 1346 daAuts
     D:2: 45 daAuts
